 Dungeon Crawl Stone Soup version 0.26.1-11-gd32895ea62 (webtiles) character file.

Game seed: 16972310479869984335

123 unlimited1921 the Firebug (level 4, -2/33 HPs)
             Began as a Demigod Fire Elementalist on July 3, 2021.
             Slain by phalm's ghost (18 damage)
             ... on level 3 of the Dungeon on July 6, 2021.
             The game lasted 00:27:59 (5059 turns).

unlimited1921 the Firebug (DgFE)                    Turns: 5059, Time: 00:27:59

Health: -2/33      AC:  3    Str: 11    XL:     4   Next: 52%
Magic:  6/10       EV: 12    Int: 21    God:
Gold:   95         SH:  0    Dex: 16    Spells: 6/7 levels left

rFire    . . .     SeeInvis +   b - +0 dagger
rCold    . . .     Faith    .   (no shield)
rNeg     . . .     Spirit   .   a - +0 robe
rPois    .         Reflect  .   (no helmet)
rElec    .         Harm     .   g - +0 cloak
rCorr    .         Rampage  .   (no gloves)
Will     .....                  (no boots)
Stlth    ++........             (no amulet)
HPRegen  0.11/turn              m - ring of see invisible
MPRegen  0.12/turn              (no ring)

@: no status effects
A: high mp 1
a: no special abilities


You were on level 3 of the Dungeon.
You visited 1 branch of the dungeon, and saw 3 of its levels.

You collected 95 gold pieces.

Inventory:

Hand Weapons
 b - a +0 dagger (weapon)
 h - a +0 hunting sling
 j - a +0 dagger
 n - a +0 short sword
Missiles
 i - 22 stones
Armour
 a - a +0 robe (worn)
 g - a +0 cloak (worn)
 o - a +0 leather armour
Jewellery
 m - a ring of see invisible (left hand)
Scrolls
 c - 3 scrolls of identify
 e - 3 scrolls of remove curse
Potions
 d - a potion of heal wounds
 f - a potion of cancellation {unknown}
 k - 2 potions of degeneration {unknown}
 l - a potion of attraction {unknown}


   Skills:
 + Level 1.8 Dodging
 + Level 2.4 Stealth
 + Level 2.3 Spellcasting
 + Level 2.1 Conjurations
 + Level 3.9 Fire Magic


You had 6 spell levels left.
You knew the following spells:

 Your Spells              Type           Power        Failure   Level
a - Foxfire               Conj/Fire      60%          4%          1

Your spell library contained the following spells:

 Spells                   Type           Power        Failure   Level
 Conjure Flame            Conj/Fire      15%          12%         3
 Inner Flame              Hex/Fire       10%          19%         3
 Sticky Flame             Conj/Fire      15%          38%         4
 Fireball                 Conj/Fire      7%           75%         5


Dungeon Overview and Level Annotations

Branches:
Dungeon (3/15)

Annotations:
D:3 phalm's ghost, amateur DsCj


Innate Abilities, Weirdness & Mutations

You have an increased reservoir of magic. (+10% MP)


Message History

The magic dart hits you!
Your foxfire dissipates!
The foxfire hits phalm's ghost.
Phalm's ghost is lightly damaged.
Phalm's ghost hits you.
You are electrocuted!
Phalm's ghost points at you and mumbles some strange words.
The magic dart hits you.
* * * LOW HITPOINT WARNING * * *
Phalm's ghost casts a spell at you. The magic dart hits you!
* * * LOW HITPOINT WARNING * * *
It was a potion of heal wounds.
You feel much better.
Casting: Foxfire (safe; 4% risk of failure)
Confirm with . or Enter, or press ? or * to list all spells.
You conjure some foxfire!
Casting: Foxfire (safe; 4% risk of failure)
Confirm with . or Enter, or press ? or * to list all spells.
You conjure some foxfire!
Phalm's ghost hits you.
You are electrocuted!!
Ouch! That really hurt!
You die... ≈≈.≈♣≈.♣......#######... ♣≈P♣♣♣♣♣....÷.......... ♣≈♣♣#....###.........# ♣≈♣ ♣.#### #.........# P≈P

♣
#.........#
♣.
#.........#
#.
#.........#
#...vv§...#
#...v@v.).#
####W######
#.# #.##
#..###
##...##
#..#######
#..'≈≈≈≈!≈
#..#######


You could see phalm's ghost.

Vanquished Creatures
  A worker ant (D:2)
  5 adders
  A worm (D:2)
  A dart slug (D:3)
  A leopard gecko (D:1)
  An orc (D:2)
  2 ball pythons (D:1)
  A giant cockroach (D:2)
  9 goblins
  6 hobgoblins
  7 kobolds
  5 bats
  6 frilled lizards
  2 rats (D:2)
48 creatures vanquished.

Vanquished Creatures (collateral kills)
  A foxfire (D:3)
1 creature vanquished.

Vanquished Creatures (others)
  169 foxfires
  A fungus (D:1)
170 creatures vanquished.

Grand Total: 219 creatures vanquished

Notes
Turn   | Place    | Note
-------+----------+-------------------------------------------
     0 | D:1      | unlimited1921 the Demigod Fire Elementalist began the quest
                  | for the Orb.
     0 | D:1      | Reached XP level 1. HP: 14/14 MP: 5/5
   171 | D:1      | Reached skill level 3 in Fire Magic
   811 | D:1      | Reached XP level 2. HP: 19/20 MP: 4/7
  2399 | D:2      | Reached skill level 1 in Conjurations
  2745 | D:2      | Reached XP level 3. HP: 25/26 MP: 4/8
  4571 | D:3      | Reached XP level 4. HP: 33/33 MP: 7/9
  5039 | D:3      | Found a runed translucent door.
  5043 | D:3      | Noticed phalm's ghost (amateur DsCj)
  5056 | D:3      | HP: 1/33 [phalm's ghost/magic dart (8)]
  5059 | D:3      | Slain by phalm's ghost

Illustrated notes

Levels and vault maps discovered:
D:1:      lightli_arrival_noodles, layout_loops_ring, minmay_shallow_snake_nest
D:2:      layout_rooms, kennysheep_generic_room_10
D:3:      layout_basic, ebering_ghost_sewer_d, chequers_serial_rivers_micro_e,
          glass_columns_b, serial_bayou_crossing

Skill      XL: |  1  2  3  4 |
---------------+-------------+-----
Fire Magic     | 3 |  3.9
Conjurations   | 1 2 |  2.1
Spellcasting   | 2 |  2.3
Stealth        | 2 |  2.4
Dodging        | |  1.8

Action                   |  1- 3 |  4- 6 || total
-------------------------+-------+-------++-------
Melee: Dagger            |     6 |       ||     6
 Cast: Foxfire           |    71 |    31 ||   102
  Use: Scroll            |     2 |       ||     2
       Potion            |       |     1 ||     1
Armor: Robe              |     4 |     1 ||     5
Dodge: Dodged            |    16 |     7 ||    23
